 Dungeon Crawl Stone Soup version 0.29-a0-559-g359e09b9d1 (webtiles) character file.

Game seed: 2994308729818645221

552 dohliylev the Ruffian (level 7, -2/67 HPs)
             Began as a Troll Warper on June 10, 2022.
             Was a Follower of Uskayaw.
             Slain by Prince Ribbit (7 damage)
             ... on level 5 of the Dungeon.
             The game lasted 00:10:15 (3663 turns).

dohliylev the Ruffian (Troll Warper)                Turns: 3663, Time: 00:10:15

Health: -2/67      AC:  4    Str: 22    XL:     7   Next: 8%
Magic:  4/8        EV: 10    Int:  9    God:    Uskayaw [*.....]
Gold:   178        SH:  0    Dex:  9    Spells: 7/9 levels left

rFire   . . .      SeeInvis .     - Unarmed
rCold   . . .      Faith    .   (no shield)
rNeg    . . .      Spirit   .   a - +0 robe
rPois   .          Reflect  .   (helmet restricted)
rElec   .          Harm     .   (no cloak)
rCorr   .          Rampage  .   (gloves unavailable)
Will    .....                   (boots unavailable)
Stlth   +.........              (no amulet)
HPRegen 1.01/turn               (no ring)
MPRegen 0.11/turn               (no ring)

@: no status effects
A: large, unfitting armour, claws 3, regeneration 1, shaggy fur 1, tough skin 1
a: Renounce Religion, Stomp


You were on level 5 of the Dungeon.
You worshipped Uskayaw.
Uskayaw was noncommittal.
You visited 1 branch of the dungeon, and saw 5 of its levels.

You collected 178 gold pieces.

Inventory:

Missiles
 c - 6 boomerangs of dispersal
 o - a boomerang (quivered)
 r - 3 poisoned darts
 w - a throwing net
Armour
 a - a +0 robe (worn)
Jewellery
 u - a +6 ring of dexterity
 v - a ring of fire
Scrolls
 b - a scroll of blinking
 d - 4 scrolls of identify {unknown}
 e - a scroll of brand weapon {unknown}
 g - a scroll of teleportation {unknown}
 i - a scroll of poison {unknown}
 j - 2 scrolls of magic mapping {unknown}
 k - 2 scrolls of amnesia {unknown}
 l - a scroll of fog {unknown}
 n - 2 scrolls of enchant armour {unknown}
 p - a scroll of fear {unknown}
Potions
 f - 3 potions of heal wounds {unknown}
 h - 3 potions of curing {unknown}
 m - a potion of might {unknown}
 q - a potion of brilliance {unknown}
 s - a potion of mutation {unknown}
 t - a potion of berserk rage {unknown}


   Skills:
 * Level 3.0 Fighting
 + Level 2.7 Throwing
 + Level 3.0 Dodging
 + Level 4.4 Unarmed Combat
 + Level 1.9 Spellcasting
 + Level 2.9 Translocations


You had 7 spell levels left.
You knew the following spells:

 Your Spells              Type           Power      Damage    Failure   Level
a - Blink                 Tloc           12%        N/A       16%         2

Your spell library contained the following spells:

 Spells                   Type           Power      Damage    Failure   Level
 Gell's Gravitas          Tloc           6%         N/A       30%         3
 Lesser Beckoning         Tloc           6%         N/A       30%         3
 Teleport Other           Tloc           6%         N/A       30%         3
 Ensorcelled Hibernation  Hex/Ice        0%         N/A       45%         2
 Spider Form              Tmut/Pois      0%         N/A       71%         3
 Manifold Assault         Tloc           6%         N/A       95%         5
 Anguish                  Hex/Necr       0%         N/A       98%         4


Dungeon Overview and Level Annotations

Branches:
Dungeon (5/15)
 Temple: D:4-7

Altars:
Fedhas
Uskayaw

Annotations:
D:5 Prince Ribbit


Innate Abilities, Weirdness & Mutations

You are too large for most types of armour.
You have claws for hands.
Your natural rate of healing is unusually fast.
You are covered in fur. (AC +1)
You have tough skin. (AC +1)


Message History

Prince Ribbit is heavily wounded.
Prince Ribbit hits you but does no damage.
You miss Prince Ribbit.
Prince Ribbit is heavily wounded.
Prince Ribbit barely misses you.
You claw Prince Ribbit!
Prince Ribbit is severely wounded.
Prince Ribbit hits you.
You barely miss Prince Ribbit. Your claw misses Prince Ribbit.
Prince Ribbit is severely wounded.
You feel stable enough to blink again. Prince Ribbit completely misses you.
Prince Ribbit blinks!
Throw: boomerang
Press: ? - help, Q - select action, (/) - cycle Shift-Dir - straight line, f/p - Prince Ribbit
Aim: Prince Ribbit (severely wounded, 31% to hit)
You throw a boomerang.
The boomerang closely misses Prince Ribbit.
Throw: boomerang
Press: ? - help, Q - select action, (/) - cycle Shift-Dir - straight line, f/p - Prince Ribbit
Aim: Prince Ribbit (severely wounded, 31% to hit)
You throw a boomerang.
The boomerang closely misses Prince Ribbit.
Throw: boomerang
Press: ? - help, Q - select action, (/) - cycle Shift-Dir - straight line, f/p - Prince Ribbit
Aim: Prince Ribbit (severely wounded, 31% to hit)
You throw a boomerang.
The boomerang barely misses Prince Ribbit.
Prince Ribbit hits you!
* * * LOW HITPOINT WARNING * * *
You barely miss Prince Ribbit.
Prince Ribbit is severely wounded.
Prince Ribbit hits you!
* * * LOW HITPOINT WARNING * * *
You closely miss Prince Ribbit.
Prince Ribbit is severely wounded.
Prince Ribbit closely misses you.
You scratch Prince Ribbit. Your claw misses Prince Ribbit.
Prince Ribbit is almost dead.
Prince Ribbit hits you!
You die...

#.....# #.....#
#.....# #########
#[....# ........##
#####.#
≈≈.......#+#.....#
≈≈≈≈.........#####
# ≈≈≈≈≈≈.......# #
.≈≈≈≈≈≈@....## #
.≈≈≈≈≈≈F....# #
.≈≈≈≈≈≈.....# #
≈≈≈≈≈≈≈..#### #
≈≈≈≈≈≈...# #
≈≈≈≈.....# #
≈≈.......# #
.........#


You could see Prince Ribbit.

Vanquished Creatures
  A black bear (D:5)
  A scorpion (D:4)
  A howler monkey (D:5)
  A jelly (D:4)
  An orc priest (D:4)
  Natasha (thrice) (D:2)
  An iguana (D:4)
  3 gnolls (D:4)
  5 adders
  An ufetubus (D:5)
  5 worms
  4 dart slugs
  9 orcs
  2 endoplasms (D:1)
  4 giant cockroaches
  12 goblins
  10 hobgoblins
  8 jackals
  7 quokkas
  8 ball pythons
  7 bats
  7 kobolds
  5 rats
106 creatures vanquished.

Notes
Turn   | Place    | Note
-------+----------+-------------------------------------------
     0 | D:1      | dohliylev the Troll Warper began the quest for the Orb.
     0 | D:1      | Reached XP level 1. HP: 19/19 MP: 1/1
    72 | D:1      | Reached XP level 2. HP: 27/27 MP: 2/2
   360 | D:1      | Found a faded altar of an unknown god.
   370 | D:1      | Prayed at the altar of an unknown god.
   370 | D:1      | Became a worshipper of Uskayaw the Reveller
   370 | D:1      | Reached * piety under Uskayaw
   517 | D:1      | Reached ** piety under Uskayaw
   916 | D:2      | Reached XP level 3. HP: 35/35 MP: 0/4
   917 | D:2      | Noticed Natasha
   968 | D:2      | Killed Natasha
  1000 | D:2      | Reached XP level 4. HP: 42/42 MP: 5/5
  1088 | D:2      | Noticed Natasha
  1094 | D:2      | Killed Natasha
  1116 | D:2      | Reached skill level 3 in Unarmed Combat
  1127 | D:2      | Noticed Natasha
  1137 | D:2      | Killed Natasha
  1147 | D:2      | Reached *** piety under Uskayaw
  1264 | D:2      | Reached XP level 5. HP: 48/49 MP: 2/6
  1594 | D:3      | Reached skill level 1 in Throwing
  1865 | D:3      | Learned a level 2 spell: Blink
  2383 | D:4      | Reached XP level 6. HP: 59/59 MP: 7/7
  2462 | D:4      | Found a blossoming altar of Fedhas.
  2706 | D:4      | Reached skill level 4 in Unarmed Combat
  3368 | D:5      | Entered Level 5 of the Dungeon
  3476 | D:5      | Reached XP level 7. HP: 67/67 MP: 5/8
  3646 | D:5      | Noticed Prince Ribbit
  3661 | D:5      | HP: 3/67 [Prince Ribbit (16)]
  3663 | D:5      | Slain by Prince Ribbit

Illustrated notes

Levels and vault maps discovered:
D:1:      minmay_arrival_nine_rooms, layout_basic,
          hellmonk_ecumenical_altar_zigzags, st_stairs_7
D:2:      layout_rooms, uniq_natasha
D:3:      layout_basic
D:4:      layout_layer_cave, mainiacjoe_overflow_24_doors
D:5:      layout_basic, temple_pool_b, kennysheep_generic_room_6, uniq_grinder,
          uniq_menkaure, uniq_prince_ribbit1, uniq_blork_the_orc

Skill      XL: |  1  2  3  4  5  6 |
---------------+-------------------+-----
Dodging        | 2 3 |  3.0
Fighting       | 2 3 |  3.0
Unarmed Combat | 3 4 |  4.4
Throwing       | 1 2 |  2.7
Spellcasting   | |  1.9
Translocations | |  2.9

Action                   |  1- 3 |  4- 6 |  7- 9 || total
-------------------------+-------+-------+-------++-------
Melee: Unarmed           |    70 |   170 |    11 ||   251
       Punch             |     3 |     4 |       ||     7
Throw: Boomerang         |       |    74 |     8 ||    82
       Dart              |       |    14 |       ||    14
 Cast: Blink             |       |     7 |     1 ||     8
Invok: Stomp             |     2 |     3 |     1 ||     6
 Stab: Sleeping          |     1 |       |       ||     1
       Paralysed         |       |     2 |       ||     2
Armor: Robe              |    32 |    56 |     3 ||    91
Dodge: Dodged            |    51 |   107 |     7 ||   165

Table legend: (Time is in decaauts)
 A = Elapsed time spent in this place.
 B = Non-inter-level travel time spent in this place.
 C = Inter-level travel time spent in this place.
 D = Time resting spent in this place.
 E = Time spent auto-exploring this place.
 F = Levels seen in this place.
 G = Mean time per level.
                   A        B        C        D        E       F      G
               +--------+--------+--------+--------+--------+-----+--------+
         Total |   3664 |   3513 |    151 |    118 |   2570 |   5 |  732.8 |
       Dungeon |   3664 |   3513 |    151 |    118 |   2570 |   5 |  732.8 |
               +--------+--------+--------+--------+--------+-----+--------+

Top non-repeatable levels by time:
     D:4: 1227 daAuts
     D:1: 946 daAuts
     D:3: 807 daAuts
     D:2: 428 daAuts
     D:5: 253 daAuts
